 Dungeon Crawl Stone Soup version 0.29-a0-100-g60f898f876 (webtiles) character file.

Game seed: 16356632835450856621

60 cyrus the Poker (level 4, -2/37 HPs)
             Began as a Merfolk Fighter on Feb 14, 2022.
             Was an Initiate of Ashenzari.
             Succumbed to Crazy Yiuf's poison
             ... on level 2 of the Dungeon.
             The game lasted 00:06:35 (2514 turns).

cyrus the Poker (Merfolk Fighter)                   Turns: 2514, Time: 00:06:35

Health: -2/37      AC:  8    Str: 16    XL:     4   Next: 6%
Magic:  4/4        EV:  5    Int:  7    God:    Ashenzari [......]
Gold:   122        SH:  9    Dex: 15    Spells: 3/3 levels left

rFire   . . .      SeeInvis .   a - +0 trident of the Visionary Lethargy {Melee, Evo} (curse)
rCold   . . .      Faith    .   j - +0 kite shield
rNeg    . . .      Spirit   .   h - +0 chain mail
rPois   .          Reflect  .   (no helmet)
rElec   .          Harm     .   (no cloak)
rCorr   .          Rampage  .   (no gloves)
Will    .....                   (no boots)
Stlth   ..........              (no amulet)
HPRegen 0.12/turn               (no ring)
MPRegen 0.09/turn               (no ring)

@: lethally poisoned (-2 -> -16)
A: (nimble swimmer 2), mertail
a: Renounce Religion, Shatter the Chains


You were on level 2 of the Dungeon.
You worshipped Ashenzari.
Ashenzari was noncommittal.
You visited 1 branch of the dungeon, and saw 2 of its levels.

You collected 122 gold pieces.

Inventory:

Hand Weapons
 a - the cursed +0 trident of the Visionary Lethargy (weapon) {Melee, Evo}

   It has a curse which improves the following skills: Melee Combat: Short
   Blades, Long Blades, Axes, Maces & Flails, Polearms, Staves and Unarmed
   Combat.
   Evocations: Evocations.
Missiles
 d - 2 silver javelins (quivered)
Armour
 b - a +0 scale mail
 c - a +0 buckler
 h - a +0 chain mail (worn)
 j - a +0 kite shield (worn)
Scrolls
 f - 4 scrolls of identify {unknown}
 k - a scroll of acquirement {unknown}
 l - a scroll of teleportation {unknown}
 m - a scroll of noise {unknown}
Potions
 e - a potion of curing {unknown}
 g - 5 potions of heal wounds {unknown}
 i - a potion of haste {unknown}


   Skills:
 + Level 3.8 Fighting
 + Level 4.2(4.7) Polearms
 + Level 2.6 Armour
 + Level 0.3 Dodging
 + Level 3.3 Shields


You had 3 spell levels left.
You didn't know any spells.
Your spell library contained the following spells:

 Spells                   Type           Power      Damage    Failure   Level
 Scorch                   Fire           0%         2d5       100%        2
 Static Discharge         Conj/Air       0%         N/A       100%        2
 Flame Wave               Conj/Fire      0%         2d4       100%        4
 Lightning Bolt           Conj/Air       0%         1d11      100%        5
 Summon Cactus Giant      Summ           0%         N/A       100%        6
 Maxwell's Capacitive Co  Air            0%         ∞         100%        8


Dungeon Overview and Level Annotations

Branches:
Dungeon (2/15)

Altars:
Ashenzari


Innate Abilities, Weirdness & Mutations

((You are very nimble when in or above water. (Stealth+, EV+, Speed+++)))
Your lower body shifts to a powerful aquatic tail in water.


Message History

Found a stone staircase leading up and a stone staircase leading down.
There is a stone staircase leading down here.
Found two maces.
You see here 20 stones.
You see here a +0 mace.
Found a mace.
Found a runed translucent door.
Crazy Yiuf says, "Nubble!"
You open the door. You hit Crazy Yiuf but do no damage.
Crazy Yiuf hits you with a +2 quarterstaff of chaos.
Crazy Yiuf freezes you. You block Crazy Yiuf's attack.
You hit Crazy Yiuf but do no damage.
Crazy Yiuf hits you with a +2 quarterstaff of chaos.
Crazy Yiuf burns you.
You puncture Crazy Yiuf!
Crazy Yiuf is heavily wounded.
Crazy Yiuf whimpers, "Powder seventy tired!"
You block Crazy Yiuf's attack.
You closely miss Crazy Yiuf.
Crazy Yiuf is heavily wounded.
Crazy Yiuf hits you with a +2 quarterstaff of chaos.
You are poisoned.
You block Crazy Yiuf's attack.
You closely miss Crazy Yiuf.
Crazy Yiuf is heavily wounded.
You feel very sick.
Crazy Yiuf hits you with a +2 quarterstaff of chaos!
* * * LOW HITPOINT WARNING * * *
Crazy Yiuf burns you.
* * * LOW HITPOINT WARNING * * *
You hit Crazy Yiuf.
Crazy Yiuf is severely wounded.
* * * LOW HITPOINT WARNING * * *
You feel sick.
Crazy Yiuf hits you with a +2 quarterstaff of chaos.
* * * LOW HITPOINT WARNING * * *
You are more poisoned.
You hit Crazy Yiuf.
You kill Crazy Yiuf!
You die...

## #.#.########.#
####.#.....<....#
...........####.#
####....#### #.####
###### #.# #####.....
#.#####♣♣ ###
#.....#### #(......♣♣
♣♣#..)# #####.#
#.#..)...♣♣♣♣@)...#
#.....#
####.##....♣.♣..♣#...#
#####.#
.....###..).♣.♣♣♣ ###
#.#### ###..#####♣♣♣♣♣
#..... #.....# #.....
#.###### #### ###
#.##.# #......# #..#
#.# #.##.# #..#####
##.# #.# #.##.# ###..#
#.# #<####.##.#


There were no monsters in sight!

Vanquished Creatures
  Crazy Yiuf (D:2)
  An adder (D:2)
  A worm (D:2)
  4 dart slugs
  4 bats
  3 endoplasms
  2 giant cockroaches
  4 goblins
  4 hobgoblins
  4 quokkas
  3 ball pythons (D:1)
  3 kobolds
  4 rats
38 creatures vanquished.

Notes
Turn   | Place    | Note
-------+----------+-------------------------------------------
     0 | D:1      | cyrus the Merfolk Fighter began the quest for the Orb.
     0 | D:1      | Reached XP level 1. HP: 18/18 MP: 1/1
   382 | D:1      | Reached XP level 2. HP: 24/24 MP: 2/2
  1023 | D:1      | Found a faded altar of an unknown god.
  1026 | D:1      | Prayed at the altar of an unknown god.
  1026 | D:1      | Became a worshipper of Ashenzari the Shackled
  1199 | D:1      | Reached XP level 3. HP: 27/29 MP: 3/3
  1822 | D:2      | Reached skill level 4 in Polearms
  2255 | D:2      | Reached XP level 4. HP: 37/37 MP: 4/4
  2503 | D:2      | Found a runed translucent door.
  2504 | D:2      | Noticed Crazy Yiuf
  2514 | D:2      | Killed Crazy Yiuf
  2514 | D:2      | Succumbed to Crazy Yiuf's poison

Illustrated notes

Levels and vault maps discovered:
D:1:      lightli_arrival_boilingwater, layout_basic,
          hellmonk_ecumenical_altar_inner_sanctum, minmay_misc_feat_chi,
          hangedman_decor_diamond_cutter, minmay_pentomino_p2
D:2:      layout_loops_ring, minmay_surrounded, uniq_crazy_yiuf_cottage,
          uniq_sigmund

Skill      XL: |  1  2  3 |
---------------+----------+-----
Polearms       | 4 |  4.2
Fighting       | |  3.8
Armour         | |  2.6
Dodging        | |  0.3
Shields        | |  3.3

Action                   |  1- 3 |  4- 6 || total
-------------------------+-------+-------++-------
Melee: Trident           |   117 |    14 ||   131
Invok: Curse Item        |     1 |       ||     1
  Use: Potion            |     1 |       ||     1
Armor: Scale mail        |    32 |       ||    32
       Chain mail        |    41 |     2 ||    43
Dodge: Dodged            |    52 |     2 ||    54
Block: Buckler           |    13 |       ||    13
       Kite shield       |    25 |     5 ||    30

Table legend: (Time is in decaauts)
 A = Elapsed time spent in this place.
 B = Non-inter-level travel time spent in this place.
 C = Inter-level travel time spent in this place.
 D = Time resting spent in this place.
 E = Time spent auto-exploring this place.
 F = Levels seen in this place.
 G = Mean time per level.
                   A        B        C        D        E       F      G
               +--------+--------+--------+--------+--------+-----+--------+
         Total |   2542 |   2542 |      0 |    342 |   1620 |   2 | 1271.0 |
       Dungeon |   2542 |   2542 |      0 |    342 |   1620 |   2 | 1271.0 |
               +--------+--------+--------+--------+--------+-----+--------+

Top non-repeatable levels by time:
     D:1: 1517 daAuts
     D:2: 1024 daAuts
